cohdb
Replays
Latest Replays
All Replays
Popular Replays
Top Player Replays
Match Explorer
How It Works
Community
CoH3 Stats
Reddit
Sign in to upload your games and track your stats! →
Sign in with Steam
Come Back Series - 11 ( UKF ) ( 1 VP )
Match 38242889
Overview
Messages
Build Orders
End
Construct Section Command Post
Selects Air and Sea Battlegroup
Infantry Section
Infantry Section
Infantry Section
Construct Platoon Command Post
Vickers Machine Gun Team
Selects Commando Section Paradrop
Commando Section Paradrop
Construct Field Infirmary
Selects Commando Support Section Paradrop
Selects Naval Blockade
Commando Support Section Paradrop
Construct Company Command Post
Crusader II Medium Tank
Infantry Training
Naval Blockade
Crusader II Medium Tank
Royal Engineer Section
Selects Incendiary Bombing Run
Naval Blockade
Crusader II Medium Tank
Royal Engineer Section
Grenade Package
Unlock Bishop Self-propelled Artillery
Naval Blockade
Bishop Self-propelled Artillery
Selects Centaur Medium Tank
Unlock M3 Grant Medium Tanks
Naval Blockade
Selects Assault Flares
M3 Grant Medium Tank
Assault Flares
Naval Blockade
Incendiary Bombing Run
M3 Grant Medium Tank
Assault Flares
M3 Grant Medium Tank
Crusader II Medium Tank
Royal Engineer Section
Royal Engineer Section
Assault Flares
Crusader II Medium Tank
Centaur Medium Tank
M3 Grant Medium Tank
M3 Grant Medium Tank
Royal Engineer Section
Assault Flares
只愛❤毛妹
ExtremeLARPer
0
0
Comments
sign in to comment!
No comments posted yet!